 Dungeon Crawl Stone Soup version 0.29.1-12-g30fa7ad0bf (webtiles) character file.

Game seed: 18331922267556955582

578 sanboga the Chopper (level 7, -1/62 HPs)
             Began as a Minotaur Monk on Dec 24, 2022.
             Succumbed to an adder's poison
             ... on level 5 of the Dungeon.
             The game lasted 00:03:56 (4644 turns).

sanboga the Chopper (Minotaur Monk)                 Turns: 4644, Time: 00:03:56

Health: -1/62      AC:  0    Str: 18    XL:     7   Next: 13%
Magic:  0/6        EV: 11    Int:  7    God:
Gold:   156        SH:  0    Dex: 12    Spells: 6/6 levels left

rFire   . . .      SeeInvis .   a - +0 hand axe
rCold   . . .      Faith    .   (no shield)
rNeg    . . .      Spirit   +   r - +0 ring mail
rPois   .          Reflect  .   (helmet restricted)
rElec   .          Harm     .   (no cloak)
rCorr   .          Rampage  .   (no gloves)
Will    +....                   l - +0 pair of boots
Stlth   +.........              p - amulet of guardian spirit
HPRegen 0.20/turn               q - ring of willpower
MPRegen 0.10/turn               (no ring)

@: brilliant, lethally poisoned (-1 -> -9), corroded, attractive
A: horns 2, retaliatory headbutt
a: no special abilities


You were on level 5 of the Dungeon.
You visited 1 branch of the dungeon, and saw 5 of its levels.

You collected 156 gold pieces.

Inventory:

Hand Weapons
 a - a +0 hand axe (weapon)
Armour
 l - a +0 pair of boots (worn)
 r - a +0 ring mail (worn)
Jewellery
 p - an amulet of guardian spirit (around neck)
 q - a ring of willpower (left hand)
 t - an amulet of the acrobat
Scrolls
 b - a scroll of magic mapping {unknown}
 g - a scroll of summoning {unknown}
 h - 6 scrolls of identify {unknown}
 i - 2 scrolls of enchant weapon {unknown}
 j - a scroll of butterflies {unknown}
 o - 3 scrolls of teleportation {unknown}
 u - a scroll of fear {unknown}
Potions
 c - 2 potions of ambrosia
 d - a potion of cancellation {unknown}
 e - 2 potions of brilliance
 f - a potion of berserk rage {unknown}
 n - 4 potions of curing {unknown}
 s - a potion of mutation {unknown}


   Skills:
 + Level 5.8 Fighting
 * Level 7.4 Axes
 + Level 4.2 Armour
 - Level 3.2 Dodging
 - Level 1.5 Stealth


You had 6 spell levels left.
You didn't know any spells.
Your spell library contained the following spells:

 Spells                   Type           Power      Damage    Failure   Level
 Alistair's Intoxication  Tmut/Pois      0%         N/A       100%        5
 Borgnjor's Vile Clutch   Necr/Erth      0%         N/A       100%        5
 Eringya's Noxious Bog    Tmut/Pois      0%         N/A       100%        6


Dungeon Overview and Level Annotations

Branches:
Dungeon (5/15)
 Temple: D:4-7

Altars:
Gozag
Xom
Yredelemnul
Zin

Shops:
D:4 :

Annotations:
D:5 Edmund


Innate Abilities, Weirdness & Mutations

You have a pair of horns on your head.
You reflexively headbutt those who attack you in melee.


Message History

* * * LOW HITPOINT WARNING * * *
The adder closely misses you. You furiously retaliate!
You headbutt the adder, but do no damage.
You are too injured to fight recklessly!
You are too injured to fight recklessly!
You are too injured to fight recklessly!
You are too injured to fight recklessly!
You are too injured to fight recklessly!
You are too injured to fight recklessly!
It was a potion of brilliance.
You feel clever all of a sudden.
You feel sick.
Edmund hits you with a +0 flail of holy wrath!
* * * LOW HITPOINT WARNING * * *
The adder bites you.
* * * LOW HITPOINT WARNING * * *
It was a potion of heal wounds.
You feel much better.
You feel sick.
Edmund hits you with a +0 flail of holy wrath.
* * * LOW HITPOINT WARNING * * *
The adder closely misses you.
It was a potion of attraction.
You feel attractive to monsters.
You feel sick. The adder barely misses you. You furiously retaliate!
You headbutt the adder!
Edmund hits you with a +0 flail of holy wrath.
* * * LOW HITPOINT WARNING * * *
You barely miss Edmund.
Edmund is lightly wounded.
You barely miss the adder.
You feel sick. The adder bites you.
* * * LOW HITPOINT WARNING * * *
You are lethally poisoned!
The adder poisons you!
Edmund hits you with a +0 flail of holy wrath!
* * * LOW HITPOINT WARNING * * *
The adder closely misses you.
You barely miss Edmund.
Edmund is lightly wounded.
You hit the adder.
You kill the adder!
You die...

..#. #... #.... ....#
#...#....... #...#
##...# ......#
#...####...# ##....#
#....##...# #.....
#........## ##.....##
#.........###.......#
##...............#....
#...@@##........###...
........###.......#
##.. .......##
##......## #.. .......
#.......###.. .......
#.........<.. ......#
##.....##.... ......
#....#####.. ......
##..## #.# ##.## #.#


You could see Edmund.

Vanquished Creatures
  Menkaure (D:4)
  An ice beast (D:5)
  2 scorpions (D:4)
  A jelly (D:5)
  2 hounds (D:4)
  3 iguanas
  4 adders
  An ufetubus (D:5)
  2 worms
  3 dart slugs
  An orc (D:5)
  3 ball pythons
  7 bats
  3 endoplasms (D:1)
  4 giant cockroaches
  3 goblins
  3 hobgoblins
  4 jackals (D:3)
  A quokka (D:5)
  3 frilled lizards
  3 kobolds
  7 rats
62 creatures vanquished.

Notes
Turn   | Place    | Note
-------+----------+-------------------------------------------
     0 | D:1      | sanboga the Minotaur Monk began the quest for the Orb.
     0 | D:1      | Reached XP level 1. HP: 19/19 MP: 0/0
   233 | D:1      | Reached skill level 4 in Axes
   233 | D:1      | Reached XP level 2. HP: 27/27 MP: 1/1
   317 | D:1      | Found a faded altar of an unknown god.
   365 | D:1      | Reached skill level 1 in Armour
  1135 | D:1      | Reached XP level 3. HP: 28/33 MP: 2/2
  2388 | D:3      | Found a basalt altar of Yredelemnul.
  2391 | D:3      | Found an opulent altar of Gozag.
  2395 | D:3      | Found a glowing silver altar of Zin.
  2632 | D:3      | Reached XP level 4. HP: 37/40 MP: 3/3
  2690 | D:3      | Reached skill level 5 in Axes
  2775 | D:3      | Found a shimmering altar of Xom.
  3012 | D:4      | Noticed a scorpion
  3025 | D:4      | Killed a scorpion
  3026 | D:4      | Reached XP level 5. HP: 33/47 MP: 4/4
  3236 | D:4      | Reached skill level 6 in Axes
  3261 | D:4      | Noticed Menkaure
  3273 | D:4      | Killed Menkaure
  3274 | D:4      | Reached skill level 5 in Fighting
  3274 | D:4      | Reached XP level 6. HP: 14/56 MP: 1/5
  3653 | D:4      | Found Buni's Book Shoppe.
  4485 | D:5      | Entered Level 5 of the Dungeon
  4491 | D:5      | Noticed an ice beast
  4501 | D:5      | Killed an ice beast
  4502 | D:5      | Reached skill level 7 in Axes
  4508 | D:5      | Reached XP level 7. HP: 62/62 MP: 6/6
  4627 | D:5      | Noticed Edmund
  4643 | D:5      | HP: 1/62 [Edmund/+0 flail of holy wrath (7)]
  4644 | D:5      | Succumbed to an adder's poison

Illustrated notes

Levels and vault maps discovered:
D:1:      heliophobic_arrival_glass_houses, layout_basic, basic_ecumenical_altar
D:2:      layout_basic
D:3:      layout_loops_ring, mainiacjoe_overflow_alcove_4,
          grunt_temple_overflow_diamond
D:4:      layout_layer_cave, serial_shops, shop_statue,
          minmay_misc_feat_secret_circle, hangedman_decor_clover_reticule,
          uniq_menkaure
D:5:      layout_layer_cave, palyth_stone_intersect, nicolae_titane, uniq_edmund

Skill      XL: |  1  2  3  4  5  6 |
---------------+-------------------+-----
Axes           | 4 5 6 7 |  7.4
Armour         | 1 2 3 4 |  4.2
Fighting       | 4 5 |  5.8
Dodging        | |  3.2
Stealth        | |  1.5

Action                   |  1- 3 |  4- 6 |  7- 9 || total
-------------------------+-------+-------+-------++-------
Melee: Hand axe          |    72 |    73 |    25 ||   170
       Headbutt          |    13 |    13 |     6 ||    32
       Punch             |     1 |     1 |       ||     2
  Use: Potion            |       |     1 |     3 ||     4
 Stab: Sleeping          |     5 |     1 |       ||     6
Armor: Robe              |    17 |     3 |       ||    20
       Skin              |       |     7 |       ||     7
       Ring mail         |       |    16 |     8 ||    24
Dodge: Dodged            |    45 |    29 |    24 ||    98
